Map: Sequencer LE

Players

Neeb - Winner!

  • Race: Protoss Protoss
  • Spawn Location: 1:00

SpeCiaL

  • Race: Terran Terran
  • Spawn Location: 7:00

Event: WCS Valencia 2017

VOD

Have the link to the VOD?

Description

Time

  • Played on: July 15, 2017, 9:48 a.m.
  • Length: 19:45

All games in this series

Show
View Real Time Build Order
Export as new Build Order

Neeb Protoss - Winner!

Build Orders: 1 Gate Expand, Colossus Rush 

Get SALT Encoding   

  12  0:00  Probe (Chrono Boost)  
  13  0:11  Probe (Chrono Boost)  
  14  0:18  Pylon  
  14  0:22  Probe (Chrono Boost)  
  15  0:36  Probe (Chrono Boost)  
  15  0:37  Gateway  
  16  0:46  Probe (Chrono Boost)  
  16  0:48  Assimilator  
  17  0:57  Probe (Chrono Boost)  
  18  1:08  Probe (Chrono Boost)  
  19  1:23  Nexus  
  19  1:24  Probe (Chrono Boost)  
  20  1:39  Cybernetics Core  
  20  1:40  Assimilator  
  20  1:41  Probe (Chrono Boost)  
  21  1:48  Pylon  
  21  1:52  Probe (Chrono Boost)  
  22  2:02  Probe (Chrono Boost)  
  23  2:12  Probe (Chrono Boost)  
  24  2:16  Warp Gate, Adept (Chrono Boost)  
  26  2:24  Probe  
  27  2:36  Probe  
  27  2:39  Adept (Chrono Boost)  
  27  2:40  Probe  
  31  2:51  Probe (Chrono Boost)  
  31  2:53  Robotics Facility  
  31  2:54  Mothership Core (Chrono Boost)  
  33  3:03  Probe (Chrono Boost)  
  34  3:13  Probe x2 (Chrono Boost), Pylon  
  34  3:15  Gateway  
  36  3:24  Probe x2 (Chrono Boost)  
  39  3:34  Probe x2 (Chrono Boost)  
  42  3:42  Observer  
  42  3:43  Robotics Bay  
  42  3:45  Probe x2 (Chrono Boost)  
  42  3:48  Gateway  
  43  3:53  Assimilator  
  43  3:55  Probe x2 (Chrono Boost)  
  45  3:56  Assimilator  
  45  4:05  Warp Prism  
  45  4:06  Probe (Chrono Boost)  
  48  4:10  Probe (Chrono Boost)  
  48  4:16  Probe (Chrono Boost)  
  50  4:17  Pylon  
  50  4:20  Probe (Chrono Boost)  
  51  4:24  Stalker  
  51  4:27  Probe (Chrono Boost)  
  54  4:31  Pylon  
  54  4:35  Probe (Chrono Boost)  
  54  4:37  Pylon, Stalker  
  57  4:39  Disruptor (Chrono Boost)  
  57  4:40  Probe (Chrono Boost)  
  61  4:47  Gravitic Drive (Chrono Boost)  
  61  4:49  Probe  
  61  4:52  Sentry  
  64  4:54  Probe  
  65  5:01  Probe  
  66  5:08  Nexus  
  66  5:10  Probe  
  66  5:13  Observer  
  67  5:17  Probe  
  67  5:21  Sentry  
  71  5:22  Probe  
  71  5:24  Pylon  
  72  5:29  Probe  
  72  5:31  Pylon  
  72  5:34  Probe  
  72  5:35  Colossus  
  74  5:41  Pylon  
  80  5:45  Extended Thermal Lance (Chrono Boost)  
  80  5:46  Probe  
  80  5:48  Probe  
  82  5:54  Sentry  
  82  5:55  Pylon, Stalker  
  86  5:58  Probe  
  86  6:00  Probe  
  86  6:02  Stalker  
  90  6:10  Probe  
  91  6:13  Probe  
  91  6:15  Pylon  
  92  6:21  Probe  
  92  6:22  Probe  
  94  6:26  Probe  
  94  6:27  Twilight Council  
  94  6:28  Forge  
  94  6:30  Colossus  
  94  6:31  Probe  
  95  6:39  Probe  
  104  6:40  Probe  
  104  6:41  Pylon  
  104  6:42  Probe  
  105  6:51  Probe  
  105  6:52  Probe x2  
  107  6:55  Blink  
  107  6:56  Stalker x3  
  107  6:58  Pylon, Assimilator x2  
  114  7:03  Forge  
  114  7:08  Protoss Ground Weapons Level 1 (Chrono Boost)  
  114  7:09  Gateway  
  114  7:17  Colossus  
  114  7:20  Photon Cannon  
  114  7:26  Gateway  
  114  7:28  Gateway  
  118  7:37  Nexus  
  118  7:42  Pylon  
  118  7:43  Pylon  
  118  7:56  Stalker x3  
  118  7:58  Probe  
  123  7:59  Pylon  
  123  8:02  Protoss Ground Armor Level 1 (Chrono Boost), Pylon  
  123  8:03  Pylon  
  123  8:04  Colossus  
  128  8:18  Gateway  
  128  8:21  Stalker  
  128  8:22  Stalker, Gateway  
  128  8:23  Pylon, Stalker  
  134  8:28  Adept x3  
  140  8:37  Probe x3  
  143  8:42  Assimilator  
  143  8:43  Charge  
  143  8:44  Photon Cannon  
  143  8:48  Templar Archives  
  143  8:55  Immortal  
  147  9:05  Stalker x5  
  157  9:11  Protoss Ground Weapons Level 2 (Chrono Boost)  
  157  9:17  Stalker  
  156  9:32  Colossus  
  156  9:33  Stalker x6  
  150  9:48  Adept x2  
  140  9:54  Probe  
  140  9:55  Probe x3  
  140  9:59  Sentry x3  
  146  10:01  Zealot  
  146  10:02  Zealot x2  
  152  10:07  Probe  
  151  10:17  Protoss Ground Armor Level 2 (Chrono Boost)  
  149  10:21  Immortal  
  149  10:22  Robotics Facility  
  149  10:26  Pylon  
  153  10:28  High Templar x2  
  153  10:35  Gateway  
  156  10:37  Gateway, High Templar  
  156  10:40  Gateway  
  156  10:43  Gateway  
  156  10:47  Stalker x5  
  166  10:55  Immortal  
  166  10:57  Nexus  
  164  11:01  Pylon  
  168  11:08  Warp Prism, High Templar x2  
  172  11:15  Archon x2  
  169  11:25  High Templar  
  169  11:26  Zealot x4, High Templar  
  169  11:27  Probe  
  169  11:29  Immortal  
  169  11:30  Probe  
  169  11:31  Probe, Archon  
  175  11:39  Psionic Storm  
  173  11:43  Probe  
  173  11:44  Probe  
  173  11:45  Probe  
  173  11:46  High Templar  
  162  11:50  Probe  
  163  11:55  Probe  
  163  11:56  Probe  
  163  11:57  Probe  
  162  12:04  Zealot x11  
  176  12:18  Probe x2  
  176  12:19  Probe x2  
  180  12:28  Stalker x4  
  180  12:29  Stalker x6  
  180  12:54  High Templar x4  
  180  12:55  Zealot x8  
  200  13:01  Archon  
  200  13:02  Archon  
  200  13:04  Immortal  
  191  13:11  Probe x2  
  177  13:19  Zealot x5  
  165  13:20  Zealot x3  
  149  13:34  Probe  
  149  13:35  Probe  
  149  13:38  High Templar x4  
  149  13:40  Zealot x6, Sentry  
  173  13:41  Immortal  
  173  13:43  Archon x2  
  152  14:06  Stalker x6  
  134  14:19  Zealot x2  
  134  14:20  Zealot x4  
  134  14:24  Assimilator  
  146  14:25  Assimilator  
  146  14:36  Immortal  
  124  14:39  Probe x3  
  124  14:42  Immortal  
  130  14:46  High Templar  
  130  14:47  Zealot x2, High Templar x3  
  130  14:48  Zealot x3  
  147  15:09  Zealot x6  
  147  15:12  Nexus  
  159  15:17  Protoss Ground Armor Level 3  
  159  15:25  High Templar  
  159  15:26  Sentry, High Templar x3  
  169  15:33  Archon x2  
  169  15:36  Zealot x7  
  180  15:43  Probe x2  
  180  15:44  Probe  
  180  15:45  Probe  
  180  15:47  Probe  
  183  15:56  Probe  
  178  15:59  Probe x2  
  178  16:03  Pylon  
  174  16:09  Protoss Ground Weapons Level 3  
  174  16:14  Pylon, High Templar x2  
  174  16:16  Pylon, Assimilator  
  174  16:17  Pylon  
  178  16:21  High Templar  
  178  16:24  Zealot x6, Photon Cannon  
  178  16:25  Photon Cannon  
  192  16:37  Zealot x3  
  198  16:42  Archon  
  192  16:52  Stalker  
  192  16:53  Stalker x5  
  197  16:54  Stalker x3  
  188  17:04  Observer  
  188  17:06  Zealot x4  
  179  17:10  Probe  
  168  17:17  Observer  
  168  17:20  Colossus  
  169  17:32  Stalker x4  
  177  17:38  Colossus  
  177  17:39  Nexus  
  183  17:47  High Templar  
  183  17:50  Photon Cannon  
  185  17:52  Photon Cannon, High Templar  
  185  17:54  Photon Cannon, Pylon  
  183  18:25  High Templar  
  183  18:26  High Templar x3  
  189  18:28  Zealot x5  
  199  18:35  Archon x2  
  199  18:44  Assimilator, Dark Shrine  
  199  18:47  Assimilator  
  193  19:05  Stalker x4  
  189  19:11  Probe x2  
  189  19:12  Probe  
  189  19:16  Stalker x8  
Show
View Real Time Build Order
Export as new Build Order

SpeCiaL Terran 

Build Orders: Cyclone Opening, Reaper Expand, MMM Bio 

Get SALT Encoding   

  12  0:00  SCV  
  13  0:12  SCV  
  14  0:17  Supply Depot  
  14  0:25  SCV  
  15  0:39  SCV  
  15  0:40  Barracks  
  16  0:44  Refinery  
  16  0:51  SCV  
  17  1:03  SCV  
  18  1:15  SCV  
  19  1:28  Reaper  
  19  1:29  Orbital Command  
  20  1:42  Command Center  
  20  1:55  SCV  
  20  2:00  Marine, Supply Depot  
  22  2:07  SCV  
  23  2:10  Factory  
  23  2:20  Refinery  
  23  2:22  SCV  
  24  2:23  Barracks Reactor  
  24  2:34  SCV  
  25  2:46  SCV  
  26  2:54  Orbital Command, Cyclone  
  29  2:58  SCV  
  29  3:00  Marine x2  
  32  3:10  SCV  
  33  3:16  Command Center  
  33  3:22  SCV  
  33  3:23  SCV  
  35  3:32  Barracks Tech Lab, Supply Depot  
  35  3:35  SCV, Cyclone  
  35  3:38  Widow Mine  
  41  3:41  SCV  
  41  3:47  SCV  
  43  3:51  Stimpack, Marine  
  43  3:53  SCV  
  45  3:59  SCV  
  46  4:06  SCV  
  46  4:09  Marine  
  47  4:11  SCV  
  47  4:13  Factory Reactor  
  47  4:16  Barracks  
  48  4:17  Barracks  
  48  4:19  Starport  
  48  4:21  SCV  
  48  4:23  SCV  
  50  4:26  Marine  
  50  4:30  Orbital Command  
  51  4:34  SCV  
  51  4:35  SCV  
  53  4:43  Engineering Bay  
  53  4:44  Marine  
  54  4:46  SCV  
  54  4:47  SCV  
  54  4:52  Engineering Bay  
  56  4:58  SCV, Refinery  
  56  4:59  SCV x2, Refinery  
  59  5:03  Barracks Tech Lab  
  59  5:04  Marauder, Marine x2  
  63  5:09  Terran Infantry Weapons Level 1  
  63  5:10  SCV, Supply Depot  
  63  5:11  SCV  
  63  5:14  Medivac x2  
  69  5:21  Supply Depot  
  69  5:24  Orbital Command  
  69  5:25  SCV  
  69  5:28  Barracks x2  
  69  5:30  Terran Infantry Armor Level 1  
  69  5:31  Marine x2, SCV  
  69  5:33  Supply Depot  
  72  5:38  Marine x2  
  72  5:39  Missile Turret  
  72  5:42  SCV  
  75  5:46  SCV  
  75  5:49  Marine x2  
  77  5:50  Viking  
  77  5:51  Medivac  
  77  5:54  SCV x2  
  83  5:59  Supply Depot  
  83  6:02  SCV  
  84  6:06  SCV  
  84  6:07  Combat Shields, Factory Reactor  
  85  6:13  Marine x2  
  85  6:14  Marauder x2  
  85  6:15  SCV x2  
  93  6:21  SCV  
  94  6:28  Supply Depot  
  94  6:29  SCV x2, Missile Turret  
  94  6:30  Supply Depot  
  96  6:33  SCV  
  96  6:39  Marine x2  
  98  6:41  Marauder, Barracks Tech Lab, Barracks Reactor  
  101  6:49  Armory, Supply Depot  
  101  6:50  Marauder, SCV x3, Supply Depot, Liberator  
  101  6:53  Liberator  
  106  6:58  Marine x2  
  106  6:59  Marauder  
  110  7:02  Marauder, SCV x2  
  117  7:10  Starport  
  117  7:12  Marauder  
  117  7:13  SCV  
  117  7:14  SCV x2  
  125  7:16  Supply Depot  
  125  7:19  Marine x2  
  125  7:22  Marine  
  128  7:24  Marauder  
  130  7:32  Refinery  
  130  7:34  Refinery  
  130  7:35  Marauder, Supply Depot  
  130  7:36  Supply Depot  
  132  7:38  Marauder  
  132  7:42  Terran Infantry Weapons Level 2  
  134  7:46  Marine x3  
  137  7:52  Marauder  
  137  7:55  Marine  
  137  7:56  Marauder  
  137  7:57  SCV  
  139  7:58  Supply Depot  
  139  7:59  Marauder  
  139  8:01  Viking  
  139  8:04  Marine  
  139  8:05  Viking  
  146  8:12  Viking  
  147  8:13  Viking  
  147  8:15  Terran Ship Weapons Level 1  
  147  8:19  Marine x3  
  153  8:21  Marauder x3, Missile Turret  
  158  8:27  Supply Depot  
  158  8:28  Marine  
  158  8:35  Terran Infantry Armor Level 2  
  158  8:36  Marine  
  158  8:37  Marine x2  
  161  8:42  Marauder  
  161  8:43  Marauder  
  165  8:49  Marine, Command Center  
  165  8:50  Supply Depot  
  165  8:51  Supply Depot  
  165  8:55  Marine x2  
  168  9:00  Viking x2  
  172  9:11  Marauder x2, Viking x2  
  172  9:13  Marauder  
  172  9:16  Missile Turret  
  182  9:17  Barracks  
  182  9:18  Barracks  
  182  9:21  Marine  
  183  9:25  Marine x2  
  183  9:30  Viking  
  181  9:33  Marauder x2  
  181  9:35  Marauder, Marine  
  173  9:40  Marine  
  173  9:43  Marine  
  134  9:53  Marine  
  134  9:54  Marauder x2, Medivac x2  
  134  9:56  Marauder  
  134  9:57  Marine  
  134  9:58  Marine  
  136  10:01  Marine  
  136  10:03  Medivac  
  136  10:04  Medivac  
  136  10:08  Barracks Tech Lab  
  136  10:09  Planetary Fortress  
  136  10:11  Marine  
  136  10:12  Missile Turret  
  136  10:13  Terran Infantry Weapons Level 3  
  137  10:15  Marine  
  137  10:16  Marauder x2  
  137  10:17  Marine  
  137  10:18  Marauder  
  137  10:19  Barracks Tech Lab  
  144  10:23  Terran Ship Weapons Level 2  
  144  10:28  Medivac  
  144  10:31  Medivac  
  144  10:35  Marauder  
  150  10:37  Marauder x2, Marine  
  150  10:39  Marauder  
  150  10:42  Marauder, Concussive Shells  
  158  10:50  Marine  
  158  10:51  Marine  
  158  10:56  Marauder  
  154  10:58  Marauder x2, Medivac x2  
  154  10:59  Marine  
  154  11:01  Marauder  
  154  11:03  Marauder  
  167  11:05  Viking  
  167  11:06  Marine  
  170  11:12  Marine  
  170  11:14  Marine  
  170  11:18  Marauder, Marine  
  175  11:20  Marauder x2  
  175  11:22  Marauder, Factory Reactor  
  177  11:30  Marauder, Marine  
  176  11:39  Medivac  
  170  11:44  Marauder, Marine x2, Viking x2  
  170  11:45  Viking  
  170  11:46  Marauder, Marine x2  
  165  11:52  Marine  
  165  11:53  Marauder  
  164  11:59  Marauder  
  102  12:01  Orbital Command, Marine  
  165  12:09  Marine, Viking  
  165  12:10  Marauder  
  165  12:12  Marine  
  165  12:13  Marauder  
  165  12:14  Viking x2  
  170  12:17  Viking  
  170  12:18  Marauder, Marine  
  175  12:33  Marauder, Marine  
  175  12:38  Marine  
  175  12:39  Marauder, Viking  
  175  12:40  Marauder  
  180  12:44  Viking  
  175  12:56  Liberator x2  
  172  13:02  Marauder  
  135  13:15  Marauder  
  135  13:17  Marauder  
  127  13:21  Marauder  
  127  13:24  Marine  
  127  13:25  Marauder  
  127  13:26  Marine x3  
  127  13:27  Marauder  
  119  13:32  Widow Mine x2  
  120  13:36  Marine  
  120  13:38  Marauder, Medivac x2  
  127  13:41  Marine  
  127  13:42  Marine  
  127  13:43  SCV  
  127  13:44  Marine x3  
  127  13:45  Refinery  
  127  13:46  Marauder  
  127  13:48  Marauder  
  137  13:54  Marine  
  135  14:00  Marauder x2, Marine  
  135  14:01  Widow Mine x2  
  135  14:02  Marine x3, Medivac x2  
  144  14:05  SCV  
  144  14:07  Marauder  
  144  14:09  Marauder  
  135  14:12  Marauder  
  105  14:18  Marine  
  105  14:20  Marine x3  
  105  14:21  Marauder x2  
  105  14:22  SCV x2  
  112  14:25  SCV  
  112  14:27  Refinery  
  112  14:28  Command Center  
  112  14:29  Marauder, Widow Mine x2  
  112  14:30  Marine  
  120  14:33  Marine  
  120  14:34  SCV  
  120  14:35  Marine  
  120  14:37  Marine  
  120  14:38  Marine x2  
  115  14:43  Marauder x2  
  114  14:47  SCV x3  
  114  14:50  Marauder, Marine  
  114  14:51  Marine  
  121  14:53  Marine  
  121  14:57  Missile Turret  
  122  15:01  Marine  
  122  15:04  Marauder x2  
  122  15:05  SCV x2  
  122  15:06  SCV, Marine  
  122  15:07  Marine  
  130  15:08  Marauder  
  130  15:09  Marauder  
  135  15:14  Marine  
  135  15:15  Marauder  
  135  15:16  Medivac  
  135  15:18  Supply Depot  
  135  15:19  Marine  
  141  15:24  Marine, Sensor Tower  
  141  15:26  Medivac  
  144  15:28  Marine  
  144  15:30  Marine  
  144  15:34  Ghost Academy  
  146  15:36  Marauder  
  146  15:40  Marauder, Marine  
  144  16:00  Marine  
  144  16:01  Marauder, Marine x2  
  149  16:07  Medivac x2  
  149  16:08  Marine, Medivac  
  149  16:11  Widow Mine  
  146  16:15  Marauder, Marine  
  146  16:18  Marine  
  152  16:19  Marine  
  152  16:25  Marine x3  
  154  16:32  Marine  
  156  16:33  Marauder, Widow Mine  
  161  16:46  Marine x2  
  161  16:47  Marauder, Marine  
  140  17:05  Marauder, Marine  
  121  17:10  Marauder, Marine  
  121  17:12  Marauder, Marine, Widow Mine x2  
  121  17:15  Marauder  
  109  17:19  Marine  
  109  17:20  Marauder  
  107  17:27  Marauder  
  108  17:32  Marine  
  108  17:33  Marauder  
  108  17:35  Marine  
  108  17:40  Marine  
  108  17:41  Marauder  
  107  17:47  Marauder, Marine x2  
  107  17:48  Marine  
  107  17:50  Marine  
  109  17:52  Medivac  
  109  17:53  Marine, Widow Mine  
  109  17:56  Medivac  
  116  17:59  Medivac  
  116  18:00  Marine x2  
  116  18:02  Marine  
  116  18:05  Marine x2  
  123  18:07  Marine  
  124  18:15  Marine  
  125  18:23  Widow Mine x2  
  125  18:24  Medivac x2  
  125  18:27  Marine x2  
  129  18:32  Ghost x2  
  132  18:36  Marine x2  
  132  18:39  Marine  
  132  18:40  Marine  
  135  18:50  Marine  
  135  18:51  Marauder, Widow Mine x2  
  142  18:57  Marauder  
  142  18:59  Marauder  
  142  19:00  Ghost  
  139  19:04  Marine x2  
  139  19:05  Marauder  
  136  19:17  Marauder  
  136  19:19  Marauder  
  136  19:24  Marine  
Tags
 
Add a new tag
Caveats
  • Supply blocks, unpowered buildings, or Contaminate may cause inaccurate times.
  • Supply counts are checked every 10 seconds.